 Dungeon Crawl Stone Soup version 0.21.1 (webtiles) character file.

186 GuyWithAPlan the Skirmisher (level 5, 0/48 HPs)
             Began as a Barachi Fighter on Feb 5, 2018.
             Slain by Purgy (2 damage)
             ... on level 3 of the Dungeon.
             The game lasted 00:04:17 (2962 turns).

GuyWithAPlan the Skirmisher (Barachi Fighter)       Turns: 2962, Time: 00:04:17

Health: 0/48       AC: 11    Str: 20    XL:     5   Next: 65%
Magic:  5/5        EV:  3    Int:  8    God:
Gold:   197        SH:  9    Dex: 12    Spells: 4/4 levels left

rFire    . . .     SeeInvis .   a - +0 war axe
rCold    . . .     Gourm    .   c - +0 shield
rNeg     . . .     Faith    .   h - +0 plate armour
rPois    .         Spirit   .   (no helmet)
rElec    .         Reflect  .   (no cloak)
rCorr    .         Harm     .   (no gloves)
MR       +....                  (no boots)
Stlth    ..........             (no amulet)
HPRegen  0.16/turn              m - +2 ring of strength
MPRegen  0.09/turn              r - ring of protection from magic

@: slow
A: +LOS, swims, slowness 1, strong legs 1
a: Hop


You were on level 3 of the Dungeon.
You were very hungry.

You visited 1 branch of the dungeon, and saw 3 of its levels.

You collected 197 gold pieces.

Inventory:

Hand Weapons
 a - a +0 war axe (weapon)
 x - a +2 trident of piercing
Missiles
 e - 8 javelins of penetration (quivered)
 g - 9 tomahawks
Armour
 b - a +0 scale mail
 c - a +0 shield (worn)
 d - a +2 animal skin
 h - a +0 plate armour (worn)
Jewellery
 m - a +2 ring of strength (left hand)
 o - an uncursed ring of protection from fire
 p - a +1 ring of slaying
 r - a ring of protection from magic (right hand)
Scrolls
 i - 3 scrolls of magic mapping {unknown}
 j - 5 scrolls of identify {unknown}
 k - 3 scrolls of blinking {unknown}
 l - 2 scrolls of fear {unknown}
 n - 3 scrolls of enchant armour {unknown}
 q - a scroll of random uselessness {unknown}
 u - 3 scrolls of immolation {unknown}
 w - a scroll of amnesia {unknown}
Potions
 s - 2 potions of degeneration {unknown}
 t - a potion of resistance {unknown}
 v - 2 potions of flight {unknown}
Comestibles
 f - 4 rations


   Skills:
 - Level 7.1 Fighting
 - Level 2.2 Axes
 + Level 4.1 Armour
 - Level 3.3 Shields


You had 4 spell levels left.
You didn't know any spells.

Dungeon Overview and Level Annotations

Branches:
Dungeon (3/15)

Altars:

Annotations:
D:3 Purgy


Innate Abilities, Weirdness & Mutations

Shadows flee at your approach. (+LOS)
You can swim through water.
You cover ground slowly.
You can hop short distances.


Message History

You block Purgy's attack. Purgy claws you but does no damage. x2
Your shield and plate armour prevent you from hitting Purgy.
Purgy is heavily wounded.
You block Purgy's attack. Purgy claws you but does no damage. x2
You slash Purgy!
Purgy is almost dead.
Purgy bites you.
* * * LOW HITPOINT WARNING * * *
Purgy claws you but does no damage. You block Purgy's attack.
Purgy bites you but does no damage. You block Purgy's attack.
Purgy claws you but does no damage.
You barely miss Purgy.
Purgy is almost dead.
Purgy bites you but does no damage. Purgy claws you but does no damage. x2
Your shield and plate armour prevent you from hitting Purgy.
Purgy is severely wounded.
Purgy bites you.
* * * LOW HITPOINT WARNING * * *
Purgy claws you.
You die...

### ############.#
[......T@..#.############
###############.#.............
.#.............#[#.##########.#
#...............#.#(# #.....
#.##.####.........#.# #.##..
+#..........########.# #.##..
...##..............#.# #.##..
...............###.#># #.##..
..#............# #.#.# #.##..


You could see Purgy.

Vanquished Creatures
  Terence (D:3)
  An orc wizard (D:3)
  Robin (D:3)
  2 gnolls (D:2)
  3 adders
  5 worms
  4 leopard geckos
  4 orcs (D:3)
  3 giant cockroaches
  6 goblins
  12 hobgoblins
  5 bats
  3 frilled lizards
  10 kobolds
  7 rats
67 creatures vanquished.

Notes
Turn   | Place    | Note
-------+----------+-------------------------------------------
     0 | D:1      | GuyWithAPlan the Barachi Fighter began the quest for the Orb.
     0 | D:1      | Reached XP level 1. HP: 18/18 MP: 1/1
   159 | D:1      | Reached skill level 4 in Fighting
   583 | D:1      | Reached XP level 2. HP: 25/25 MP: 2/2
  1184 | D:2      | Reached XP level 3. HP: 30/32 MP: 3/3
  1230 | D:2      | Reached skill level 5 in Fighting
  1703 | D:2      | Reached XP level 4. HP: 38/40 MP: 4/4
  1941 | D:2      | Reached skill level 6 in Fighting
  2303 | D:3      | Reached XP level 5. HP: 45/47 MP: 5/5
  2588 | D:3      | Noticed Robin
  2610 | D:3      | Killed Robin
  2934 | D:3      | Noticed Terence
  2940 | D:3      | Killed Terence
  2940 | D:3      | Reached skill level 7 in Fighting
  2943 | D:3      | Noticed Purgy
  2962 | D:3      | HP: 2/48 [Purgy (6)]
  2962 | D:3      | Slain by Purgy

Skill      XL: |  1  2  3  4  5 |
---------------+----------------+-----
Fighting       | 4 5 6 7 |  7.1
Armour         | 4 |  4.1
Axes           | |  2.2
Shields        | |  3.3

Action                   |  1- 3 |  4- 6 || total
-------------------------+-------+-------++-------
Melee: War axe           |    98 |   154 ||   252
  Use: Potion            |     2 |     1 ||     3
  Eat: Chunk             |     2 |     5 ||     7
Armor: Scale mail        |    37 |       ||    37
       Plate armour      |     5 |   139 ||   144
Dodge: Dodged            |    33 |    30 ||    63
Block: Shield            |    73 |    98 ||   171
